 Dungeon Crawl Stone Soup version 0.16-a0-3246-g12054e0 (webtiles) character file.

1843 Kemay the Martial Artist (level 9, -3/58 HPs)
             Began as an Octopode Transmuter on Dec 22, 2014.
             Slain by a killer bee zombie (5 damage)
             ... on level 6 of the Dungeon.
             The game lasted 00:41:23 (10252 turns).

Kemay the Martial Artist (Octopode Transmuter)     Turns: 10252, Time: 00:41:23

Health: -3/58      AC:  1    Str:  7    XL:     9   Next: 12%
Magic:  16/16      EV: 16    Int: 19    God:
Gold:   301        SH:  0    Dex: 15    Spells: 3 memorised, 6 levels left

rFire  . . .     SeeInvis +     y - +7 rapier "Ympec" {pierce, Dex+3 SInv}
rCold  . . .     Clarity  +     (no shield)
rNeg   . . .     SustAb   .     (helmet restricted)
rPois  .         Gourm    .     i - amulet of clarity (curse)
rElec  .         Spirit   .     (no ring)
rCorr  .         Warding  .     (no ring)
rMut   .         Stasis   .     (no ring)
MR     .....                    (no ring)
Stlth  ++........               (no ring)
                                (no ring)
                                (no ring)
                                (no ring)

@: appendage (expiring), not resistant to hostile enchantments, unstealthy
A: almost no armour, amphibious, 8 rings, constrict 8, tentacle spike 3,
camouflage 1, deformed body, robust 1, weak 1, gelatinous body 1
a: End Transformation


You were on level 6 of the Dungeon.
You were not hungry.
One of your tentacles had a temporary spike.
You visited 2 branches of the dungeon, and saw 8 of its levels.

You collected 301 gold pieces.

Inventory:

Hand weapons
 w - a +2 falchion of protection
 y - the +7 rapier "Ympec" (weapon) {pierce, Dex+3 SInv}
   (You found it on level 6 of the Dungeon)

   It inflicts extra damage upon your enemies.
   It affects your dexterity (+3).
   It enhances your eyesight.
Missiles
 s - 9 tomahawks (quivered)
Jewellery
 i - a cursed amulet of clarity (around mantle)
Magical devices
 v - a wand of paralysis (4)
Scrolls
 c - a scroll of magic mapping
 e - a scroll of remove curse
 m - 5 scrolls of teleportation
Potions
 k - a potion of brilliance
 o - a potion of flight
 p - a potion of curing
 q - 2 potions of haste
 x - a potion of restore abilities {unknown}
Books
 d - a book of Changes

   Spells                             Type                      Level
   a - Beastly Appendage              Transmutation                1
   b - Sticks to Snakes               Transmutation                2
   c - Spider Form                    Transmutation/Poison         3
   d - Ice Form                       Ice/Transmutation            4
   e - Blade Hands                    Transmutation                5
 r - a book of Necromancy

   Spells                             Type                      Level
   a - Pain                           Necromancy                   1
   b - Animate Skeleton               Necromancy                   1
   c - Vampiric Draining              Necromancy                   3
   d - Regeneration                   Charms/Necromancy            3
   e - Animate Dead                   Necromancy                   4
   f - Control Undead                 Necromancy                   4
Comestibles
 a - 4 bread rations
 b - 5 meat rations
 h - a beef jerky
 n - 2 royal jellies


   Skills:
 - Level 1.0 Fighting
 - Level 7.0 Dodging
 * Level 9.3 Unarmed Combat
 + Level 2.9 Spellcasting
 + Level 2.9 Transmutations


You had 6 spell levels left.
You knew the following spells:

 Your Spells              Type           Power        Failure   Level  Hunger
a - Beastly Appendage     Trmt           ##....       6%          1    None
b - Blade Hands           Trmt           ##........   96%         5    ######.
c - Pain                  Necr           #...         17%         1    None


Dungeon Overview and Level Annotations

Branches:
Dungeon (7/15)             Temple (1/1) D:7

Altars:
Ashenzari
Cheibriados
Dithmenos
Elyvilon
Fedhas
Gozag
Makhleb
Nemelex Xobeh
Okawaru
Qazlal
Ru
Sif Muna
Trog
Vehumet
Xom
Yredelemnul
Zin
The Shining One

Annotations:
D:2 exclusion: oklob plant
D:4 Pikel


Innate Abilities, Weirdness & Mutations

You cannot wear most types of armour.
You are amphibious.
You can wear up to eight rings at the same time.
You can use your tentacles to constrict many enemies at once.
Your skin changes colour to match your surroundings (Stealth).
Your rubbery body absorbs attacks (AC +1).
One of your tentacles bears a large vicious spike.
Your body is misshapen.
You are robust (+10% HP).
You are weak. (Str -2)


Message History

The killer bee zombie closely misses you. x2
The ice beast hits you.
* * * LOW HITPOINT WARNING * * *
The ice beast freezes you!
* * * LOW HITPOINT WARNING * * *
Drink which item? (? for menu, Esc to quit)
You feel much better. The killer bee zombie hits you. The ice beast hits you.
The ice beast freezes you!
* * * LOW HITPOINT WARNING * * *
The killer bee zombie hits you!
* * * LOW HITPOINT WARNING * * *
You hit the ice beast. Your squeeze misses the ice beast.
The ice beast is almost dead.
The killer bee zombie closely misses you.
The ice beast misses you. The killer bee zombie hits you.
* * * LOW HITPOINT WARNING * * *
You closely miss the ice beast.
The ice beast is almost dead.
The killer bee zombie hits you.
You die...

......# #..........# ####
......## #..........# #...
.......# #..........# #.##
y......# ###..........# #.#
.......# #............# #.#
.......########............###.##
..............)..................
........#######.Y............[...
........## #.@................
.........## #.Z................
..........# ###)###............
.......#..# #.# #............
.......#..# ##.###............
.......##.## #.................
.......##..# #.................
.......##..# #........###......
.......##..## #.....######......


You could see an ice beast and a killer bee zombie.

Vanquished Creatures
  The ghost of runewalsh the Sneak, an average OpIE (D:4)
  An ice beast (D:5)
  A phantom (D:4)
  2 slaves
  2 centaurs
  2 ogres
  The ghost of Kemay the Insei, an average OpTm (D:3)
  2 giant frogs (D:6)
  A killer bee (D:6)
  A crimson imp (D:6)
  A jelly (D:6)
  A centaur skeleton (D:4)
  A gnoll shaman (D:5)
  2 hounds (D:4)
  2 giant frog skeletons
  3 worker ants
  An iguana (D:4)
  3 orc wizards
  3 orc priests (D:5)
  Jessica (D:2)
  A hound skeleton (D:4)
  Terence (D:3)
  A mummy (D:7)
  10 adders
  11 gnolls
  2 shadow imps
  A giant mite (D:6)
  3 worms
  6 giant geckos
  2 oozes
  25 orcs
  2 ball pythons
  A bat skeleton (D:6)
  A bat zombie (D:5)
  11 hobgoblins
  4 quokkas
  12 bats
  4 giant cockroaches
  2 giant newts
  10 goblins
  10 kobolds
  A quokka skeleton (D:5)
  11 rats
  A fungus (D:2)
  A plant (D:2)
166 creatures vanquished.

Vanquished Creatures (others)
  2 slaves (D:4)
  A giant mite (D:4)
3 creatures vanquished.

Grand Total: 169 creatures vanquished

Notes
Turn   | Place    | Note
--------------------------------------------------------------
     0 | D:1      | Kemay, the Octopode Transmuter, began the quest for the Orb.
     0 | D:1      | Reached XP level 1. HP: 13/13 MP: 3/3
   212 | D:1      | Reached XP level 2. HP: 12/18 MP: 1/4
   940 | D:2      | Reached skill level 4 in Unarmed Combat
   940 | D:2      | Reached XP level 3. HP: 6/23 MP: 4/6
  1051 | D:2      | Found a blossoming altar of Fedhas.
  1064 | D:2      | Noticed an oklob plant
  1162 | D:2      | Noticed Jessica
  1167 | D:2      | Killed Jessica
  1182 | D:2      | Reached XP level 4. HP: 7/28 MP: 5/7
  1436 | D:2      | Reached skill level 5 in Unarmed Combat
  1477 | D:2      | Gained mutation: You are weak. (Str -2) [potion of mutation]
  1477 | D:2      | Gained mutation: You are robust (+10% HP). [potion of mutation]
  1477 | D:2      | Gained mutation: Your body is misshapen. [potion of mutation]
  2315 | D:3      | Reached XP level 5. HP: 32/36 MP: 7/9
  2324 | D:3      | Learned a level 5 spell: Blade Hands
  2643 | D:3      | Noticed Terence
  2658 | D:3      | Killed Terence
  2846 | D:3      | Noticed Kemay's ghost (average OpTm)
  3143 | D:3      | Killed Kemay's ghost
  3143 | D:3      | Reached skill level 6 in Unarmed Combat
  3569 | D:3      | Reached XP level 6. HP: 41/41 MP: 10/10
  3856 | D:4      | Noticed Pikel
  3861 | D:4      | Paralysed by Pikel for 5 turns
  4511 | D:4      | Noticed runewalsh's ghost (average OpIE)
  4781 | D:4      | Reached XP level 7. HP: 34/47 MP: 12/12
  5647 | D:4      | Killed runewalsh's ghost
  5647 | D:4      | Reached skill level 5 in Dodging
  5647 | D:4      | Reached skill level 7 in Unarmed Combat
  5927 | D:4      | Learned a level 1 spell: Pain
  6011 | D:4      | Paralysed by Pikel for 7 turns
  6027 | D:4      | Paralysed by Pikel for 3 turns
  6425 | D:5      | Entered Level 5 of the Dungeon
  7207 | D:5      | Reached XP level 8. HP: 52/52 MP: 11/13
  8190 | D:5      | Reached skill level 8 in Unarmed Combat
  8199 | D:5      | Found a bloodstained altar of Trog.
  8199 | D:5      | Found an iron altar of Okawaru.
  8271 | D:5      | Found a glowing silver altar of Zin.
  8278 | D:5      | Found a sacrificial altar of Ru.
  8278 | D:5      | Found a stormy altar of Qazlal.
  9203 | D:6      | Got a warped rapier
  9204 | D:6      | Identified the +7 rapier "Ympec" {pierce, Dex+3 SInv} (You found it on level 6 of the Dungeon)
  9345 | D:6      | Reached skill level 9 in Unarmed Combat
  9540 | D:6      | Reached XP level 9. HP: 42/58 MP: 16/16
  9975 | D:6      | Found an opulent altar of Gozag.
  9989 | D:7      | Found a staircase to the Ecumenical Temple.
 10002 | Temple   | Entered the Ecumenical Temple
 10251 | D:6      | HP: 2/58 [killer bee zombie (2)]
 10252 | D:6      | Slain by a killer bee zombie

Action                   |  1- 3 |  4- 6 |  7- 9 || total
-------------------------+-------+-------+-------++-------
Melee: Unarmed           |    56 |       |   117 ||   173
       Dagger            |       |   146 |     5 ||   151
       Spear             |       |       |   141 ||   141
       Rapier            |       |       |    62 ||    62
 Fire: Hunting sling     |       |     6 |       ||     6
 Cast: Beastly Appendage |    14 |    29 |    45 ||    88
 Abil: End Transformatio |     2 |     5 |     5 ||    12
  Use: Potion            |     3 |     1 |     1 ||     5
       Scroll            |       |    10 |     4 ||    14
 Stab: Sleeping          |     3 |     3 |     5 ||    11
  Eat: Chunk             |     1 |     7 |     9 ||    17
       Bread ration      |       |     1 |     1 ||     2
       Fruit             |       |       |     6 ||     6
